 Dungeon Crawl Stone Soup version 0.17.1-3-g152610e (webtiles) character file.

237 manyhoops the Slasher (level 5, -1/41 HPs)
             Began as a Demonspawn Gladiator on Apr 25, 2016.
             Was an Initiate of Okawaru.
             Slain by a gnoll
             ... wielding a +0 spear of freezing
              (8 damage)
             ... on level 3 of the Dungeon.
             The game lasted 00:05:35 (3158 turns).

manyhoops the Slasher (Demonspawn Gladiator)        Turns: 3158, Time: 00:05:36

Health: -1/41      AC:  6    Str: 16    XL:     5   Next: 77%
Magic:  5/5        EV: 11    Int: 10    God:    Okawaru [......]
Gold:   133        SH:  0    Dex: 13    Spells: 0 memorised, 4 levels left

rFire  + . .     SeeInvis .     a - +0 long sword
rCold  . . .     Clarity  .     n - +0 ring mail
rNeg   . . .     SustAt   .     (no shield)
rPois  .         Gourm    .     c - +0 helmet
rElec  .         Spirit   .     (no cloak)
rCorr  .         Warding  .     (no gloves)
rMut   .         Stasis   .     (no boots)
MR     .....                    (no amulet)
Stlth  +.........               u - ring of protection from fire
                                (no ring)

@: not resistant to hostile enchantments, very unstealthy
A: claws 2, demonic guardian 1
a: Renounce Religion


You were on level 3 of the Dungeon.
You worshipped Okawaru.
Okawaru was noncommittal.
You were very hungry.

You visited 1 branch of the dungeon, and saw 3 of its levels.

You collected 133 gold pieces.

Inventory:

Hand Weapons
 a - a +0 long sword (weapon)
Missiles
 d - 3 throwing nets (quivered)
Armour
 c - a +0 helmet (worn)
 n - a +0 ring mail (worn)
Jewellery
 q - an uncursed amulet of regeneration
 u - a ring of protection from fire (right claw)
Wands
 t - a wand of random effects (5)
Scrolls
 p - a scroll of random uselessness {unknown}
 y - a scroll of amnesia
Potions
 b - a potion of resistance {unknown}
 f - a potion of invisibility {unknown}
 g - a potion of curing
 h - 2 potions of agility
 j - a potion of haste
 k - a potion of mutation {unknown}
 l - a potion of brilliance
 w - a potion of cure mutation
Books
 r - a book of Cantrips

   Spells                             Type                      Level
   a - Corona                         Hexes                        1
   b - Animate Skeleton               Necromancy                   1
   c - Summon Small Mammal            Summoning                    1
   d - Apportation                    Translocation                1
 x - Jessica's Collected Works on Darkness
   (You found it on level 3 of the Dungeon)

   Spells                             Type                      Level
   a - Sublimation of Blood           Necromancy                   2
Comestibles
 e - 3 bread rations
 m - a meat ration
 o - a beef jerky


   Skills:
 + Level 3.6 Fighting
 + Level 4.3 Long Blades
 - Level 1.7 Throwing
 + Level 2.5 Armour
 - Level 2.6 Dodging


You had 4 spell levels left.
You didn't know any spells.

Dungeon Overview and Level Annotations

Branches:
Dungeon (3/15)

Altars:
Ashenzari
Fedhas
Okawaru
Ru
Trog
Vehumet
Xom
Zin
The Shining One

Annotations:
D:2 Sigmund


Innate Abilities, Weirdness & Mutations

You have very sharp fingernails.
A weak demonic guardian rushes to your aid.


Message History

Things that are here:
a spear; a gnoll corpse You hit the gnoll.
The gnoll is severely wounded.
The gnoll hits you with a spear of freezing.
* * * LOW HITPOINT WARNING * * *
The gnoll freezes you.
* * * LOW HITPOINT WARNING * * *
You hit the gnoll.
The gnoll is almost dead.
The gnoll hits you but does no damage. The gnoll completely misses you.
You feel better.
You closely miss the gnoll.
The gnoll is almost dead.
The gnoll hits you with a spear of freezing.
* * * LOW HITPOINT WARNING * * *
The gnoll freezes you.
* * * LOW HITPOINT WARNING * * *
The gnoll hits you with a spear of freezing!
You die...

#.##.# #####.##.##...#
#...# #....# #.##.##...#
#.#.# ###### #.##.######
#.#.### #g##.# #.#....
#.##.# #.#.... #.##[#
####.#.... #.##.#
#........# #'##g#
#........# #......).#@#
#####......... #........#.#
#.............
#........#.###.####(###....
#........#...#.#....###....
#........###.#.#.###(......
#........# #.#'#รท#
#.##.... #........# #.....#
#.#####. #.....# #.# #.
#.....# #)# #.


You could see a gnoll.

Vanquished Creatures
  A worker ant (D:3)
  6 gnolls
  Robin (D:2)
  5 adders
  3 worms
  4 giant geckos
  11 bats
  4 giant cockroaches
  8 hobgoblins
  8 kobolds
  2 quokkas (D:3)
  2 giant newts (D:1)
  15 goblins
  7 rats
77 creatures vanquished.

Vanquished Creatures (collateral kills)
  Jessica (D:3)
  2 gnolls (D:3)
  2 goblins
  A kobold (D:3)
6 creatures vanquished.

Grand Total: 83 creatures vanquished

Notes
Turn   | Place    | Note
--------------------------------------------------------------
     0 | D:1      | manyhoops the Demonspawn Gladiator began the quest for the Orb.
     0 | D:1      | Reached XP level 1. HP: 16/16 MP: 1/1
   271 | D:1      | Reached skill level 3 in Long Blades
   274 | D:1      | Gained mutation: A weak demonic guardian rushes to your aid. [demonic ancestry]
   274 | D:1      | Reached XP level 2. HP: 11/22 MP: 2/2
   804 | D:1      | Gained mutation: You have sharp fingernails. [demonic ancestry]
   804 | D:1      | Reached XP level 3. HP: 15/28 MP: 3/3
  1173 | D:2      | Reached skill level 1 in Armour
  1183 | D:2      | Noticed Sigmund
  1549 | D:2      | Noticed Robin
  1567 | D:2      | Killed Robin
  1567 | D:2      | Gained mutation: You have very sharp fingernails. [demonic ancestry]
  1567 | D:2      | Reached XP level 4. HP: 14/34 MP: 4/4
  2209 | D:2      | Found a glowing golden altar of the Shining One.
  2216 | D:2      | Found a sacrificial altar of Ru.
  2218 | D:2      | Found a blossoming altar of Fedhas.
  2218 | D:2      | Found a bloodstained altar of Trog.
  2234 | D:2      | Found an iron altar of Okawaru.
  2238 | D:2      | Became a worshipper of Warmaster Okawaru
  2255 | D:2      | Found a glowing silver altar of Zin.
  2266 | D:2      | Found a radiant altar of Vehumet.
  2347 | D:2      | Found a shattered altar of Ashenzari.
  2660 | D:3      | Reached skill level 4 in Long Blades
  2679 | D:3      | Found a shimmering altar of Xom.
  2692 | D:3      | Reached XP level 5. HP: 33/41 MP: 5/5
  2838 | D:3      | Noticed Jessica
  2846 | D:3      | Killed Jessica
  2859 | D:3      | Identified Jessica's Collected Works on Darkness
  3158 | D:3      | Slain by a gnoll

Action                   |  1- 3 |  4- 6 || total
-------------------------+-------+-------++-------
Melee: Long sword        |   132 |   162 ||   294
  Use: Scroll            |       |     9 ||     9
       Potion            |       |     3 ||     3
  Eat: Chunk             |     2 |     5 ||     7
